[Event "*** Titled Tuesday 3|2 Blitz (Early)"]
[Site "Chess.com"]
[Date "2016.11.01"]
[Round "5"]
[White "Evgeny_Levin"]
[Black "E-Shaposhnikov"]
[Result "1/2-1/2"]
[WhiteElo "2694"]
[BlackElo "2706"]
[TimeControl "180+2"]
[EndTime "12:04:16 PDT"]
[Termination "Game drawn - insufficient material"]

1. d4 Nf6 2. c4 e6 3. Nf3 b6 4. g3 Ba6 5. Qc2 Bb7 6. Bg2 Bb4+ 7.
Bd2 Bxd2+ 8. Nbxd2 c5 9. O-O Nc6 10. dxc5 bxc5 11. Ne4 Nxe4 12. Qxe4 O-O 13. Rfd1 Qe7 14. Rd2 d6 15. Qh4 f6 16. Rad1 Rfd8 17.
e3 Rab8 18. Ne1 Ne5 19. b3 Bxg2 20. Kxg2 a5 21. Nf3 Qb7 22. e4 g5 23. Nxg5 fxg5 24. Qxg5+ Qg7 25. Qxg7+ Kxg7 26. Rxd6 Nf7 27. Rd7 Rxd7 28. Rxd7 a4 29. Rc7 axb3 30. axb3 Rxb3 31. Rxc5 Rb2 32. h4 Rc2 33. g4 h6 34. Kf3 Rc3+ 35. Ke2 Nd6 36. Rc6 Nxe4 37. Rxe6 Rxc4 38. Kd3 Nc5+ 39.
Kxc4 Nxe6 40. Kd5 Kf6 41. g5+ Nxg5 42. hxg5+ Kxg5 43. Ke4 Kg4 44. f4 h5 45. f5 h4 46.
f6 h3 47. f7 h2 48. f8=Q h1=Q+ 49. Ke5 Qe1+ 50. Kf6 Qf2+ 51. Kg7 Qxf8+ 52. Kxf8 1/2-1/2

[Event "*** Titled Tuesday 3|2 Blitz (Early)"]
[Site "Chess.com"]
[Date "2016.11.01"]
[Round "5"]
[White "Quiet_Desperation"]
[Black "superjem123"]
[Result "1-0"]
[WhiteElo "2310"]
[BlackElo "2452"]
[TimeControl "180+2"]
[EndTime "12:04:28 PDT"]
[Termination "Quiet_Desperation won by checkmate"]

1. e4 e5 2. Nf3 Nc6 3. Bb5 Nf6 4. d3 Bc5 5. O-O O-O 6. c3 d6 7. h3 a6 8. Ba4 b5 9. Bc2 Bb6 10. Qe2 Ne7 11. Rd1 Ng6 12. Be3 Bxe3 13. fxe3 Qe7 14.
Nbd2 Nh5 15. Qf2 h6 16. Nf1 Bd7 17. N1h2 Nf6 18. Rf1 d5 19. exd5 Nxd5 20. Rae1 Be6 21.
Qg3 Qd6 22. Nh4 Nxh4 23. Qxh4 f5 24. Qg3 Rae8 25. Bb3 f4 26. exf4 exf4 27. Qg6 Ne3 28. Rf2 Qd7 29. Nf3 Bxb3 30. axb3 Re6 31. Qh5 Qxd3 32.
Nd4 Rg6 33. Rxe3 fxe3 34. Qd5+ Kh7 35. Rxf8 Rg5 36. Qg8+ Kg6 37. Qf7+ Kh7 38. Nf5 Qd2 39. Qg8+ Kg6 40. Qxg7+ Kh5 41. Qxh6# 1-0

[Event "*** Titled Tuesday 3|2 Blitz (Early)"]
[Site "Chess.com"]
[Date "2016.11.01"]
[Round "5"]
[White "FearlessKing64"]
[Black "Aygehovit1992"]
[Result "0-1"]
[WhiteElo "2166"]
[BlackElo "2442"]
[TimeControl "180+2"]
[EndTime "12:04:29 PDT"]
[Termination "Aygehovit1992 won on time"]

1. e4 c5 2. Nf3 d6 3. d4 cxd4 4. Nxd4 Nf6 5. Nc3 g6 6. Be3 Bg7 7. f3 a6 8. Qd2 Nbd7 9. g4 b5 10. g5 Nh5 11. a4 bxa4 12. Rxa4 Bb7 13. Rb4 Nc5 14. Be2 O-O 15. Rxb7 Nxb7 16. Nc6 Qd7 17.
Nd5 Rfe8 18. Ncb4 a5 19. Nb6 Qd8 20. Nxa8 axb4 21. Nb6 Bxb2 22. Qxb4 Be5 23. O-O Nc5 24. f4 Bg7 25. Nd5 e6 26. Nc3 Bxc3 27. Qxc3 Nxe4 28.
Qb2 Ng7 29. Bf3 d5 30. c4 Nf5 31. Bc1 Qc7 32. cxd5 exd5 33. Kh1 Qc4 34. Be2 Nfg3+ 35. hxg3 Nxg3+ 36. Kg2 Rxe2+ 37. Qxe2 Nxe2 0-1

[Event "*** Titled Tuesday 3|2 Blitz (Early)"]
[Site "Chess.com"]
[Date "2016.11.01"]
[Round "5"]
[White "Alexander_Moskalenko"]
[Black "Zaven_ChessMood"]
[Result "0-1"]
[WhiteElo "2696"]
[BlackElo "2701"]
[TimeControl "180+2"]
[EndTime "12:04:34 PDT"]
[Termination "Zaven_ChessMood won on time"]

1. d4 Nf6 2. Nf3 g6 3. Nbd2 d5 4.
e3 Bg7 5. b4 O-O 6. c4 Bf5 7.
Be2 Nc6 8. a3 dxc4 9. Nxc4 Ne4 10. Bb2 a5 11. b5 Na7 12. Nce5 Nd6 13. a4 c6 14. bxc6 Nxc6 15. Nxc6 bxc6 16. Rc1 Qb6 17.
Ba3 Rfd8 18. Bc5 Qb7 19. O-O Ne4 20. Bd3 e5 21. Bxe4 Bxe4 22. Nd2 Bd3 23. Re1 exd4 24. exd4 Bxd4 25. Bxd4 Rxd4 26. Nb3 Rd5 27. Nc5 Qb4 28. Nxd3 Qa3 29. Qc2 Qxd3 30. Qxc6 Rad8 31. g3 h5 32. Re8+ Kg7 33. Rxd8 Rxd8 34. Rc5 h4 35. Rc1 h3 36. Rf1 Rd5 37. Qc8 Rf5 38. Qc6 Rd5 39. Qc8 Rd7 40. Qc6 Rd8 41. Re1 Rb8 42. Qc7 Re8 0-1

[Event "*** Titled Tuesday 3|2 Blitz (Early)"]
[Site "Chess.com"]
[Date "2016.11.01"]
[Round "5"]
[White "Haridaskesavan"]
[Black "filali-oujda"]
[Result "1-0"]
[WhiteElo "2142"]
[BlackElo "2251"]
[TimeControl "180+2"]
[EndTime "12:04:38 PDT"]
[Termination "Haridaskesavan won on time"]

1. e4 c6 2. c4 d5 3. exd5 cxd5 4.
cxd5 Nf6 5. Bb5+ Bd7 6. Bc4 g6 7. Nc3 Bg7 8. d4 O-O 9. Nf3 a6 10. O-O b5 11. Bb3 a5 12. a3 Na6 13. Bg5 Nc7 14. Ne5 b4 15. axb4 Be8 16. Qf3 axb4 17. Rxa8 Qxa8 18. Nc6 bxc3 19. Nxe7+ Kh8 20. Bxf6 cxb2 21.
Bxg7+ Kxg7 22. Qc3 Nb5 23. Qxb2 Qa7 24. Nc6 Bxc6 25. dxc6 Nxd4 26. Rd1 Rb8 27. c7 Rxb3 28.
Qxb3 Nxb3 29. c8=Q Nc5 30. Qd8 Ne6 31. Qd7 Qa2 32. g3 h5 33. h4 Qe2 34. Qd2 Qg4 35. Re1 g5 36. Rxe6 fxe6 37. Qxg5+ Qxg5 38. hxg5 Kg6 39. f4 e5 40. Kg2 Kf5 41. Kf3 h4 42.
gxh4 exf4 43. Kf2 Kg6 44. Kg2 Kh5 45. Kf3 Kxh4 46. g6 1-0

[Event "*** Titled Tuesday 3|2 Blitz (Early)"]
[Site "Chess.com"]
[Date "2016.11.01"]
[Round "5"]
[White "Grebeniuk-S"]
[Black "GMKrikor"]
[Result "1-0"]
[WhiteElo "2424"]
[BlackElo "2559"]
[TimeControl "180+2"]
[EndTime "12:04:39 PDT"]
[Termination "Grebeniuk-S won by resignation"]

1. d4 Nf6 2. Nf3 g6 3. Bg5 Bg7 4.
Nbd2 O-O 5. c3 d5 6. e3 c5 7. b4 b6 8. Be2 Qc7 9. O-O Nbd7 10.
Bf4 Qd8 11. h3 Bb7 12. Rb1 Ne4 13. Qb3 c4 14. Qc2 f5 15. Ne5 Nxe5 16. Bxe5 Bxe5 17.
dxe5 b5 18. f4 Qb6 19. Rf3 a5 20. bxa5 Qxa5 21. Nxe4 fxe4 22. Rf2 Bc6 23. Bg4 Qb6 24. Qd2 Ra3 25. Be6+ Kg7 26. f5 gxf5 27. Bxf5 Qc7 28.
Qd4 Qa7 29. Qd2 Kh8 30. Rbf1 b4 31. Qe2 Rxc3 32. Qh5 e6 33. Bxh7 Rxf2 34. Bg6+ Kg8 35. Rxf2 Qg7 36. Rf7 Qxf7 37. Bxf7+ Kf8 38. Bxe6 Be8 39.
Qf5+ 1-0

[Event "*** Titled Tuesday 3|2 Blitz (Early)"]
[Site "Chess.com"]
[Date "2016.11.01"]
[Round "5"]
[White "maciek_92"]
[Black "bilelou"]
[Result "1-0"]
[WhiteElo "2549"]
[BlackElo "2354"]
[TimeControl "180+2"]
[EndTime "12:04:39 PDT"]
[Termination "maciek_92 won by checkmate"]

1. c4 e6 2. Nf3 d5 3. g3 Nf6 4. Bg2 dxc4 5. Qa4+ c6 6. Qxc4 b5 7. Qc2 Bb7 8. O-O a6 9. d4 Nbd7 10. a4 c5 11. axb5 axb5 12. Rxa8 Qxa8 13. Nc3 b4 14.
Nb5 Qa5 15. dxc5 Qxb5 16. Nd4 Qxc5 17. Bxb7 Qxd4 18. Be3 Qd6 19. Rd1 Qb8 20. Qc6 Be7 21.
Bc8 O-O 22. Bxd7 Nd5 23. Bc1 Rd8 24. Bxe6 Nf6 25. Rxd8+ Qxd8 26. Bb3 h5 27. Qc4 Qe8 28. Bg5 g6 29. Qd4 Nh7 30. Bd2 Bf6 31. Qd3 Bxb2 32.
Qxg6+ Bg7 33. Bh6 Qf8 34. Bd2 Nf6 35. Qd3 Qe7 36. Qc4 Ne4 37. Bxb4 Qe8 38. Bc2 Ng5 39. h4 Ne6 40. Qe4 Qc8 41. Qh7# 1-0

[Event "*** Titled Tuesday 3|2 Blitz (Early)"]
[Site "Chess.com"]
[Date "2016.11.01"]
[Round "5"]
[White "Morshynska"]
[Black "Iwannabetheguy"]
[Result "1-0"]
[WhiteElo "2146"]
[BlackElo "2035"]
[TimeControl "180+2"]
[EndTime "12:04:55 PDT"]
[Termination "Morshynska won by resignation"]

1. Nf3 Nf6 2. g3 g6 3. Bg2 Bg7 4. O-O O-O 5. d4 c5 6. dxc5 Na6 7.
Nbd2 Nxc5 8. Nb3 d6 9. c3 Bg4 10. h3 Be6 11. Nfd4 Nxb3 12. Nxe6 fxe6 13. Qxb3 d5 14.
Qxb7 Qd6 15. Qb3 Rab8 16. Qa4 a6 17. Rd1 Qc5 18. Qxa6 Rb6 19. Qd3 Ng4 20. hxg4 Qxf2+ 21. Kh2 Be5 22. Rf1 Qxf1 23. Bxf1 Rxf1 24. Qe3 Bc7 25.
Kg2 Rd1 26. b3 e5 27. Bb2 Rxa1 28. Bxa1 Rf6 29. Qc5 Bb6 30. Qxd5+ Kg7 31. Kh3 Rf1 32. Qxe5+ Kf7 33. g5 Rxa1 34. Qd5+ Kf8 35. Qa8+ Kf7 36. Qa6 Rh1+ 37. Kg4 Be3 38. Qc4+ Kf8 39. Qe4 h5+ 40. gxh6 Bxh6 41. Qxh1 1-0

[Event "*** Titled Tuesday 3|2 Blitz (Early)"]
[Site "Chess.com"]
[Date "2016.11.01"]
[Round "5"]
[White "MateusViageiro"]
[Black "KingFlorida"]
[Result "0-1"]
[WhiteElo "2282"]
[BlackElo "2344"]
[TimeControl "180+2"]
[EndTime "12:04:55 PDT"]
[Termination "KingFlorida won by resignation"]

1. Nf3 Nf6 2. g3 g6 3. Bg2 Bg7 4. O-O O-O 5. d4 d6 6. c4 Nc6 7.
Nc3 a6 8. e4 Bg4 9. h3 Bxf3 10.
Bxf3 Nd7 11. d5 Na5 12. Be2 Nb6 13. b4 Bxc3 14. bxa5 Bxa1 15. axb6 cxb6 16. Qb3 Bd4 17. Kg2 Rc8 18. h4 h5 19. Rd1 Bg7 20. f4 b5 21.
cxb5 axb5 22. Bxb5 Qa5 23. Bd2 Bc3 24. Be3 Qb4 25.
Kf3 Qxb3 26. axb3 Bb4 27. Bc4 Ra8 28. e5 Rfc8 29. e6 f5 30. Bd4 Bc5 31. Ba1 Ra2 32. Rf1 Rca8 33. Bc3 Rc2 34. Be1 Raa2 35. Bb5 Rab2 36. Bc4 Bd4 37. Bd3 Rxb3 38. Bf2 Rxd3+ 39. Kg2 Re3 40. Kh1 Ree2 41. Bg1 Bxg1 0-1

[Event "*** Titled Tuesday 3|2 Blitz (Early)"]
[Site "Chess.com"]
[Date "2016.11.01"]
[Round "5"]
[White "NDePinEsPeRG"]
[Black "GeorgMeier"]
[Result "1-0"]
[WhiteElo "2663"]
[BlackElo "2702"]
[TimeControl "180+2"]
[EndTime "12:04:56 PDT"]
[Termination "NDePinEsPeRG won by checkmate"]

1. d4 Nf6 2. c4 e6 3. Nf3 d5 4.
Nc3 Be7 5. Bf4 O-O 6. e3 c6 7.
Bd3 Nbd7 8. O-O b6 9. Qe2 Bb7 10.
Rac1 Nh5 11. Be5 g6 12. cxd5 cxd5 13. Ba6 Bxa6 14. Qxa6 Qc8 15. Nxd5 Qd8 16. Nxe7+ Qxe7 17. Rc7 Rfd8 18. Rfc1 Qb4 19. b3 f6 20. Bg3 Ng7 21. Rxa7 Rxa7 22. Qxa7 Ne8 23. h3 Nf8 24. Rc6 b5 25.
Qc5 Qxc5 26. Rxc5 Ra8 27. Rxb5 Rxa2 28. Rb8 Kf7 29. Rb7+ Kg8 30. h4 h6 31. b4 g5 32.
h5 Rb2 33. b5 Rb1+ 34. Kh2 Rb2 35. b6 Rb1 36. e4 Rb2 37. Ne1 Rb3 38. Nc2 Ng7 39.
Bd6 Nh7 40. g4 f5 41. Ne3 f4 42. Nc4 Nf6 43. Be5 Nxg4+ 44. Kg2 Nxh5 45. Nd2 Rb2 46. Rb8+ Kf7 47. b7 Nhf6 48. Bxf6 Nxf6 49. Nc4 Rb4 50.
Nd6+ Ke7 51. e5 Nd7 52. Re8# 1-0

[Event "*** Titled Tuesday 3|2 Blitz (Early)"]
[Site "Chess.com"]
[Date "2016.11.01"]
[Round "5"]
[White "PaulfromSPb"]
[Black "Ginger_GM"]
[Result "0-1"]
[WhiteElo "2406"]
[BlackElo "2446"]
[TimeControl "180+2"]
[EndTime "12:05:06 PDT"]
[Termination "Ginger_GM won by resignation"]

1. e4 c5 2. Ne2 Nc6 3. g3 g6 4.
Bg2 Bg7 5. O-O d6 6. c3 e5 7. d4 cxd4 8. cxd4 exd4 9. Na3 Nge7 10. Nb5 O-O 11. Bf4 d5 12. exd5 Nxd5 13. Bd6 Nde7 14. Ba3 Bg4 15. h3 Bxe2 16. Qxe2 d3 17. Qd2 a6 18. Nd6 b5 19. Bc5 Ne5 20. Rac1 Rb8 21. b4 Qd7 22. f4 Nc4 23. Nxc4 bxc4 24. Rxc4 Rfd8 25. g4 Nc6 26. Kh1 Rbc8 27. f5 Ne5 28. Re4 f6 29. g5 gxf5 30. Rd4 Qe8 31. gxf6 Bxf6 32. Rxd8 Rxd8 33. Rxf5 Bg7 34. Rf1 Kh8 35. Re1 Qd7 36. Re3 Nc4 37. Qd1 Nxe3 38. Bxe3 d2 39. Be4 Qe6 40. Bc2 Qxe3 41. Qh5 Qe1+ 42. Kg2 h6 43. Qf5 Kg8 44. Bb3+ Kh8 45. Bc2 Kg8 46. Bb3+ Kh8 47. Bc2 Qe2+ 48. Kg3 Qe5+ 49. Kg4 Qxf5+ 50. Kxf5 d1=Q 51. Bxd1 Rxd1 0-1

[Event "*** Titled Tuesday 3|2 Blitz (Early)"]
[Site "Chess.com"]
[Date "2016.11.01"]
[Round "5"]
[White "LawrenceTrent"]
[Black "fireheart92"]
[Result "0-1"]
[WhiteElo "2521"]
[BlackElo "2544"]
[TimeControl "180+2"]
[EndTime "12:05:11 PDT"]
[Termination "fireheart92 won on time"]

1. e4 c5 2. Nf3 d6 3. Bb5+ Nd7 4. a4 Nf6 5. Nc3 g6 6. O-O Bg7 7. Re1 O-O 8. h3 a6 9. Bc4 b6 10. d3 Bb7 11. Bg5 h6 12. Bf4 e5 13. Bg3 Nh5 14.
Bh4 Bf6 15. Bxf6 Ndxf6 16. g3 Kg7 17. Nh4 Qd7 18. Kh2 Bc6 19. Ng2 b5 20. Bb3 b4 21. Nb1 Nh7 22. Qg4 Qd8 23. Ne3 Bd7 24. Qe2 Ng5 25. h4 Ne6 26. c3 Rb8 27. Nd2 Nef4 28.
Qf1 Bh3 29. Qh1 Nxd3 30. Bc4 Nxe1 31. Kxh3 bxc3 32. bxc3 f5 33. exf5 d5 34. Bxd5 Nd3 35.
Qf3 Rb2 36. Ne4 Ndf4+ 37. Kh2 Nxd5 38. Rd1 Nhf6 39. Nxf6 Qxf6 40. Rxd5 gxf5 41. Rd7+ Kh8 42. Qh5 f4 43. Ng4 fxg3+ 44. Kh3 Qe6 45. Re7 gxf2 0-1

[Event "*** Titled Tuesday 3|2 Blitz (Early)"]
[Site "Chess.com"]
[Date "2016.11.01"]
[Round "5"]
[White "amaidel"]
[Black "Dlugy"]
[Result "1-0"]
[WhiteElo "2499"]
[BlackElo "2578"]
[TimeControl "180+2"]
[EndTime "12:05:24 PDT"]
[Termination "amaidel won by resignation"]

1. e4 c5 2. Nf3 d6 3. d4 cxd4 4.
Nxd4 Nf6 5. Nc3 Nc6 6. Be2 e5 7. Nf3 Be7 8. h3 h6 9. O-O Be6 10.
b3 O-O 11. Bb2 Rc8 12. Re1 a6 13. Bf1 Qa5 14. a3 b5 15. b4 Qc7 16. Nd5 Bxd5 17. exd5 Nb8 18. c4 bxc4 19. Rc1 Qb7 20. Bxc4 Nbd7 21. Nd4 Rxc4 22. Rxc4 Qxd5 23. Rc1 Ra8 24. Nf5 Bf8 25. Qxd5 Nxd5 26. Rc6 a5 27. b5 Rb8 28.
Nxd6 f6 29. a4 N5b6 30. Ra1 Rd8 31. Nc4 Nxc4 32. Rxc4 Nb6 33. Rc6 Rb8 34. Bc3 Nd7 35.
Bxa5 Nc5 36. Bc7 Ra8 37. b6 Nb7 38. Rcc1 Bb4 39. Rcb1 Ba5 40. Rb5 Kf7 41. Rd1 Ke6 42.
Kf1 g5 43. f3 h5 44. g4 hxg4 45. hxg4 Rh8 46. Kg2 Bc3 47. Rd3 Ba5 48. Rdb3 Ra8 49.
Re3 Bd2 50. Re2 Ba5 51. Bxe5 fxe5 52. Rexe5+ Kd6 53. Rxg5 Kc6 54. Rg6+ Nd6 55. b7 Rb8 56. Rxa5 Kc7 57. Rc5+ Kd7 58. Rd5 Rxb7 59. Rdxd6+ 1-0

[Event "*** Titled Tuesday 3|2 Blitz (Early)"]
[Site "Chess.com"]
[Date "2016.11.01"]
[Round "5"]
[White "micfel"]
[Black "Mbneu"]
[Result "1/2-1/2"]
[WhiteElo "2265"]
[BlackElo "2137"]
[TimeControl "180+2"]
[EndTime "12:05:35 PDT"]
[Termination "Game drawn - insufficient material"]

1. e4 e5 2. Nf3 Nc6 3. Bb5 Bc5 4. O-O d6 5. c3 a6 6. Bxc6+ bxc6 7. d4 exd4 8. cxd4 Ba7 9. h3 Ne7 10. Re1 O-O 11.
Nc3 d5 12. e5 c5 13. dxc5 Bxc5 14. Be3 Bxe3 15. Rxe3 c5 16. Re1 Bb7 17. Rc1 Rc8 18.
Na4 Qa5 19. b3 d4 20. Qd2 Qb5 21. Ng5 Ng6 22. e6 Qc6 23. f3 fxe6 24. Nxe6 Rfe8 25. Naxc5 Qd5 26. Qxd4 Qxd4+ 27. Nxd4 Rxe1+ 28. Rxe1 Rxc5 29. Re8+ Kf7 30. Rb8 Bd5 31. Rb6 a5 32. Kf2 Nf4 33.
h4 Rc3 34. Ra6 Rd3 35. Nf5 Ne6 36. Rxa5 Rd2+ 37. Kg3 g6 38. Ra7+ Kf6 39. Nh6 g5 40. Ng4+ Kg6 41. h5+ Kxh5 42. Rxh7+ Kg6 43. Rh6+ Kf7 44.
Rf6+ Ke7 45. Rg6 Rxg2+ 46. Kxg2 Nf4+ 47. Kg3 Nxg6 48. Ne3 Kd6 49. Nxd5 Kxd5 50. Kg4 Ne5+ 51. Kxg5 Nxf3+ 52. Kf4 Nd2 53. Ke3 Nb1 54. Kd3 Kc5 55.
Kc2 Na3+ 56. Kc3 Nb5+ 57. Kb2 Kb4 58. a4 Nd4 59. Ka2 Nxb3 60. Kb2 Kxa4 1/2-1/2

[Event "*** Titled Tuesday 3|2 Blitz (Early)"]
[Site "Chess.com"]
[Date "2016.11.01"]
[Round "5"]
[White "platy3"]
[Black "Matibar"]
[Result "1-0"]
[WhiteElo "2696"]
[BlackElo "2571"]
[TimeControl "180+2"]
[EndTime "12:05:39 PDT"]
[Termination "platy3 won by resignation"]

1. e4 e6 2. d4 d5 3. Nc3 Bb4 4.
e5 c5 5. a3 Bxc3+ 6. bxc3 Qa5 7.
Bd2 Qa4 8. Qg4 Kf8 9. Nf3 Ne7 10.
c4 Nbc6 11. Bd3 cxd4 12. cxd5 exd5 13. Qh5 Ng6 14. O-O Kg8 15. Rfe1 Be6 16. Ng5 Nce7 17. Bb4 Qd7 18. Nxe6 fxe6 19. g3 Qe8 20. Qg4 Nc6 21.
Bd6 Qf7 22. f4 Nge7 23. Rab1 b6 24. Bb5 h5 25. Qg5 Rh6 26. Kh1 Rc8 27. Ba6 Re8 28. Bb5 Rc8 29. Ba6 Rd8 30. Bb5 h4 31. Kg2 Rh5 32.
Qg4 Kh8 33. Rh1 Rg8 34. Rbf1 Nf5 35. Re1 Nce7 36. Bxe7 Nxe7 37. Be2 Rh6 38. Bd3 Rf8 39. Rhf1 Qe8 40. f5 exf5 41. Qxd4 Qh5 42. g4 Qg6 43. e6 h3+ 44. Kh1 Rh4 45. Qb4 Qg5 46. Bxf5 Rxf5 47. Rxf5 Nxf5 48. Qf8+ Kh7 49. Qxf5+ Qxf5 50. gxf5 1-0

[Event "*** Titled Tuesday 3|2 Blitz (Early)"]
[Site "Chess.com"]
[Date "2016.11.01"]
[Round "5"]
[White "brightthunder"]
[Black "SavelijTartakover"]
[Result "1/2-1/2"]
[WhiteElo "2560"]
[BlackElo "2467"]
[TimeControl "180+2"]
[EndTime "12:05:58 PDT"]
[Termination "Game drawn by agreement"]

1. e4 c5 2. Nf3 Nc6 3. d4 cxd4 4. Nxd4 Nf6 5. Nc3 d6 6. f3 e5 7. Nb3 Be7 8. Be3 Be6 9. Nd5 Bxd5 10. exd5 Nb4 11. c4 a5 12. Qd2 b6 13. Be2 O-O 14. O-O Nh5 15. Nc1 Na6 16. Bd1 f5 17. Ne2 f4 18.
Bf2 Bh4 19. Bc2 Nc5 20. b3 Bxf2+ 21. Rxf2 g6 22. a3 Ng7 23. Rff1 Nf5 24. b4 Nd7 25. Bxf5 gxf5 26. Nc3 Rc8 27. Nb5 Nf6 28. Rac1 axb4 29. axb4 Qd7 30. Qd3 Kh8 31. Ra1 Ra8 32. Ra3 Rxa3 33.
Qxa3 Nxd5 34. Rd1 Ne3 35. Rxd6 Qg7 36. Qa2 Rg8 37. Rd2 e4 38. fxe4 f3 39. Nd6 fxe4 40.
c5 Rf8 41. Nxe4 fxg2 42. Rf2 Rxf2 43. Nxf2 bxc5 44. bxc5 Qc3 45. Qa8+ Kg7 46. Qb7+ Kh6 47. Qa6+ Kh5 48. Qe2+ Kg6 49. Qd3+ Qxd3 50. Nxd3 Kf5 51. c6 Ke6 52. Nf4+ Kd6 53. Nxg2 Nxg2 54. Kxg2 Kxc6 55. Kg3 1/2-1/2

[Event "*** Titled Tuesday 3|2 Blitz (Early)"]
[Site "Chess.com"]
[Date "2016.11.01"]
[Round "5"]
[White "HovmoellerHest"]
[Black "KestutisLabeckas"]
[Result "1-0"]
[WhiteElo "2297"]
[BlackElo "2463"]
[TimeControl "180+2"]
[EndTime "12:05:59 PDT"]
[Termination "HovmoellerHest won by resignation"]

1. d4 d6 2. Nf3 Nf6 3. c4 Bg4 4. g3 Bxf3 5. exf3 c6 6. f4 g6 7. Nc3 Bg7 8. Bg2 O-O 9. O-O Nbd7 10. Qd3 e6 11. b3 d5 12. Ba3 Re8 13. Bd6 a6 14. c5 Bf8 15. Bxf8 Rxf8 16. h3 a5 17. Na4 h5 18. Bf3 Kg7 19. Kg2 Rh8 20. Rfe1 Ng8 21.
Nb2 Ne7 22. Qc3 Nf5 23. Nd3 b5 24. cxb6 Qxb6 25. Nc5 Nf6 26. Rac1 Rhc8 27. Red1 Nd6 28. Qe3 Nb7 29. Qe5 Nxc5 30. Rxc5 Qc7 31. Rdc1 Ra6 32.
Be2 Rb6 33. g4 hxg4 34. hxg4 Qxe5 35. fxe5 Ne4 36. Rxa5 Rb4 37. f3 Ng5 38. Ra4 Rxa4 39. bxa4 Ra8 40. Bd1 Ra6 41. Rc5 Kf8 42. a5 Ke7 43. Be2 Ra7 44. a6 Kd7 45. Rc1 Nh7 46.
Rb1 Nf8 47. f4 Kc7 48. Kg3 Nd7 49. Kh4 f6 50. exf6 Nxf6 51. Kg5 Ne4+ 52. Kxg6 Nc3 53. Rb2 Nxe2 54. Rxe2 Rxa6 55. Kf6 Kd7 56. g5 Ra8 57.
Rxe6 Rf8+ 58. Ke5 Rxf4 59. Kxf4 Kxe6 60. a4 1-0

[Event "*** Titled Tuesday 3|2 Blitz (Early)"]
[Site "Chess.com"]
[Date "2016.11.01"]
[Round "5"]
[White "Cayse"]
[Black "psv98"]
[Result "0-1"]
[WhiteElo "2591"]
[BlackElo "2628"]
[TimeControl "180+2"]
[EndTime "12:06:07 PDT"]
[Termination "psv98 won by checkmate"]

1. e4 c5 2. Nf3 d6 3. Bb5+ Nc6 4.
O-O Bd7 5. Re1 Nf6 6. c3 a6 7.
Bf1 Bg4 8. h3 Bh5 9. d4 cxd4 10.
g4 Nxg4 11. hxg4 Bxg4 12. cxd4 e5 13. dxe5 Nxe5 14. Be2 Bxf3 15. Bxf3 Qh4 16. Nc3 Be7 17. Nd5 O-O 18. Bf4 Bg5 19. Bg3 Qh6 20. Kg2 Rac8 21. Bg4 Nxg4 22. Qxg4 Rc2 23. Re2 Rxe2 24. Qxe2 Qe6 25.
Qd3 h5 26. Rh1 Qg6 27. f4 Bd8 28. f5 Qg4 29. Qf3 Qg5 30. Qxh5 Qd2+ 31. Bf2 f6 32.
Qh7+ Kf7 33. Qg6+ Kg8 34. Qg4 Qd3 35. Rh3 Qc2 36. Rc3 Qxb2 37. Rg3 Rf7 38. Qh5 Qe5 39.
Rg4 Qb2 40. Rh4 Rf8 41. Qh7+ Kf7 42. Rg4 Rg8 43. Qg6+ Kf8 44. Nf4 Bb6 45. Nd3 Qe2 46. Rg3 Qxe4+ 47. Rf3 Bxf2 48. Nxf2 Qe8 49. Qg3 Qe5 50.
Qg4 Kf7 51. Qg6+ Kf8 52. Ng4 Qe2+ 53. Kg3 Qe1+ 54. Rf2 Rh8 55. Kg2 Qh1+ 56. Kg3 Rh3+ 57. Kf4 Qc1+ 58. Ke4 Qc4# 0-1

[Event "*** Titled Tuesday 3|2 Blitz (Early)"]
[Site "Chess.com"]
[Date "2016.11.01"]
[Round "5"]
[White "Saitama_Hero"]
[Black "popov_m"]
[Result "0-1"]
[WhiteElo "2094"]
[BlackElo "2246"]
[TimeControl "180+2"]
[EndTime "12:06:20 PDT"]
[Termination "popov_m won on time"]

1. d4 Nf6 2. Nf3 g6 3. Bg5 Bg7 4. Nbd2 d5 5. Bxf6 Bxf6 6. e4 dxe4 7. Nxe4 Bg7 8. Bc4 O-O 9. h4 Bg4 10. c3 Nd7 11. h5 Bxh5 12. Rxh5 gxh5 13. Nfg5 Nf6 14. Nxf7 Rxf7 15. Ng5 e6 16. Bxe6 Qe7 17. Kf1 Rf8 18. Qb3 h6 19. Nxf7 Rxf7 20. Re1 c6 21.
Bxf7+ Qxf7 22. Re7 Qxb3 23. axb3 b5 24. Rxa7 Nd5 25. g3 Kf8 26. Ke2 Ne7 27. Kd3 Kf7 28. b4 Ke6 29. b3 Bf6 30. c4 Nf5 31. d5+ cxd5 32. Ra6+ Ke7 33. cxd5 Nd6 34. Ra7+ Kf8 35. Rd7 Be7 36. Kd4 Ke8 37. Ra7 Nf7 38. Ke4 Bd6 39.
Kf5 Bxb4 40. Ke6 Ng5+ 41. Kf5 Nf7 42. Kg6 Bc5 43. Rxf7 Bd6 44. Rh7 b4 45. Rb7 Bc5 46. Kxh5 Bxf2 47. g4 Be3 48. d6 Kd8 49. Re7 Bc5 50. Re6 Kd7 51. Rxh6 Be3 52. g5 Bd4 53. g6 Bc3 54. Rh7+ Kxd6 55. g7 Bxg7 56. Rxg7 Kc5 0-1

[Event "*** Titled Tuesday 3|2 Blitz (Early)"]
[Site "Chess.com"]
[Date "2016.11.01"]
[Round "5"]
[White "KyronGriffith"]
[Black "TomsKantans"]
[Result "0-1"]
[WhiteElo "2326"]
[BlackElo "2475"]
[TimeControl "180+2"]
[EndTime "12:06:25 PDT"]
[Termination "TomsKantans won by resignation"]

1. e4 c5 2. Nf3 Nf6 3. Nc3 Nc6 4. d4 d5 5. Bb5 Nxe4 6. dxc5 Nxc3 7. bxc3 Qa5 8. Bxc6+ bxc6 9. Qd4 Ba6 10. Ne5 f6 11.
Nd3 e5 12. Qb4 Qc7 13. O-O Be7 14. Re1 O-O 15. Qg4 Bxd3 16. cxd3 Bxc5 17. d4 Bd6 18. dxe5 fxe5 19. Be3 Rae8 20. Rad1 Rf6 21. g3 Qf7 22. Qa4 Bb8 23. Re2 h6 24. Bc5 Qh5 25. Rde1 Qf3 26. Be3 Ref8 27. Rb2 Rd8 28. Qa5 Re8 29.
Reb1 Bd6 30. Qxa7 Bf8 31. Qd7 Re7 32. Qd8 Ref7 33. Rb7 Kh7 34. Rxf7 Rxf7 35. Qc8 Rf6 36. Qb8 Qe4 37. Qb2 c5 38. Rd1 d4 39. cxd4 exd4 40. Bc1 Qf3 41. Qd2 Bd6 42. a4 Be5 43. a5 c4 44. Re1 c3 45. Qa2 Bb8 46. a6 d3 47. Rf1 d2 48. Bxd2 cxd2 49. Qxd2 Ba7 50.
Qc2+ Qf5 51. Qe2 Qa5 52. Qe4+ Qf5 53. Qe2 Qe6 54. Qd3+ Kh8 55. Qd8+ Kh7 56. Qd3+ Kg8 57. Qd8+ Rf8 58. Qd3 Qb6 59. Qc4+ Kh8 60. Qd3 Rxf2 61. Re1 Rf3+ 0-1

[Event "*** Titled Tuesday 3|2 Blitz (Early)"]
[Site "Chess.com"]
[Date "2016.11.01"]
[Round "5"]
[White "Drags95"]
[Black "DanielNaroditsky"]
[Result "0-1"]
[WhiteElo "2445"]
[BlackElo "2742"]
[TimeControl "180+2"]
[EndTime "12:06:38 PDT"]
[Termination "DanielNaroditsky won by resignation"]

1. d4 Nf6 2. c4 e6 3. Nf3 d5 4. Nc3 Bb4 5. Qb3 c5 6. dxc5 Na6 7. a3 Bxc3+ 8. Qxc3 Nxc5 9. cxd5 Qxd5 10. Be3 Nce4 11. Qe5 Qxe5 12. Nxe5 Nd5 13. Bc1 Nc5 14.
Rb1 f6 15. Nc4 e5 16. f3 Be6 17. e4 Nb6 18. Nxb6 axb6 19. Be3 Ke7 20. Be2 Rhd8 21.
Kf2 Rac8 22. Rhd1 Rxd1 23. Rxd1 Na4 24. Rd2 Nc5 25. b4 Nb3 26. Rb2 Nd4 27. Bxd4 exd4 28. Rd2 Rc3 29. a4 Ra3 30. Bb5 Ra2 31. Ke2 Kd6 32.
f4 g5 33. g3 Ra3 34. Rxd4+ Ke7 35. Rd3 Ra2+ 36. Rd2 Ra3 37. f5 Bc8 38. Rc2 Kd8 39.
Kf2 Rb3 40. Rd2+ Ke7 41. Rc2 Kd8 42. Rc4 Rb2+ 43. Kf3 Rxh2 44. Rd4+ Ke7 45. Rc4 Kd8 46. g4 h5 47. gxh5 Rxh5 48. Rd4+ Kc7 49. Rc4+ Kb8 50.
Rd4 Rh3+ 51. Kg2 Rh4 52. Rd6 Rxe4 53. Rxf6 Rxb4 54. Rf8 Kc7 55. f6 Rf4 56. Kg3 Be6 57. Kg2 Kd6 58. Kg3 Ke5 59. Rb8 Bd5 60. Re8+ Kd4 61.
Rf8 Ke5 62. Re8+ Kxf6 63. Rd8 Ke5 64. Re8+ Kd4 65. Rd8 Kc5 66. Rc8+ Bc6 67. Rg8 Rf5 68. Bd3 Rf3+ 0-1

[Event "*** Titled Tuesday 3|2 Blitz (Early)"]
[Site "Chess.com"]
[Date "2016.11.01"]
[Round "5"]
[White "LuckyTiger"]
[Black "Gabrielian_Artur"]
[Result "0-1"]
[WhiteElo "2579"]
[BlackElo "2565"]
[TimeControl "180+2"]
[EndTime "12:06:38 PDT"]
[Termination "Gabrielian_Artur won by resignation"]

1. e4 c5 2. c3 Nf6 3. e5 Nd5 4.
Nf3 d6 5. d4 cxd4 6. Bb5+ Nc6 7. Qxd4 e6 8. exd6 Qxd6 9. O-O Bd7 10. Qg4 Nf6 11. Qa4 a6 12. Bf4 Qc5 13. Nd4 Nd5 14. Bxc6 bxc6 15. Bg3 Be7 16. Nd2 O-O 17. N4b3 Qa7 18.
Na5 Rac8 19. Rfe1 Rfe8 20. Ndc4 c5 21. Qc2 Bf8 22. a4 f6 23. Bd6 Rcd8 24. Bxf8 Rxf8 25. Rad1 Qc7 26. Ra1 Rfe8 27. Nb3 e5 28. Red1 Nf4 29. Ne3 c4 30. Nd2 Be6 31. a5 h5 32. Nf3 Nd3 33.
Ne1 e4 34. Nxd3 exd3 35. Qd2 Bf7 36. Re1 g6 37. h3 Kg7 38. Nf1 Rxe1 39. Qxe1 Rb8 40.
Qc1 Rb5 41. Nd2 Rxa5 42. Qe1 Qe5 43. Rb1 Qxe1+ 44. Rxe1 Rb5 45. Rb1 g5 46. Kf1 f5 47.
g3 Kf6 48. Ke1 h4 49. gxh4 gxh4 50. Nf3 a5 51. Kd2 a4 52. Nd4 Rb6 53. Kc1 f4 54. Ra1 Ra6 55. Kd2 Be6 56. Nf3 Bd5 57. Nd4 Bg2 58.
Rg1 f3 59. Re1 Rb6 60. Kc1 d2+ 61. Kxd2 Rxb2+ 62. Ke3 a3 63. Kf4 Bxh3 64. Re6+ Bxe6 0-1